 Dungeon Crawl Stone Soup version 0.25.0-3-gd7cc5688da (webtiles) character file.

Game seed: 897404360602494427

1167 Acheron the Skirmisher (level 8, -15/61 HPs)
             Began as a Demonspawn Abyssal Knight on June 15, 2020.
             Was a Priest of Lugonu.
             Killed from afar by an electric eel (18 damage)
             ... with a bolt of electricity
             ... on level 7 of the Dungeon.
             The game lasted 00:33:46 (5418 turns).

Acheron the Skirmisher (Demonspawn Abyssal Knight)  Turns: 5418, Time: 00:33:46

Health: -15/61     AC: 10    Str: 13    XL:     8   Next: 17%
Magic:  11/11      EV: 10    Int: 13    God:    Lugonu [***...]
Gold:   201        SH:  5    Dex: 15    Spells: 7/7 levels left

rFire    . . .     SeeInvis .   w - +0 war axe
rCold    . . .     Gourm    .   (no shield)
rNeg     + . .     Faith    .   D - +0 scale mail
rPois    .         Spirit   .   (no helmet)
rElec    .         Reflect  +   e - +1 cloak
rCorr    .         Harm     .   v - +0 pair of gloves
MR       .....                  (no boots)
Stlth    +.........             x - amulet of reflection
HPRegen  0.20/turn              (no ring)
MPRegen  0.12/turn              C - ring of positive energy

@: mighty, very slow
A: claws 1, foul stench 1, powered by pain 1, rot immunity
a: Depart the Abyss, Bend Space, Banish, Renounce Religion


You were on level 7 of the Dungeon.
You worshipped Lugonu.
Lugonu was most pleased with you.
You were not hungry.

You visited 1 branch of the dungeon, and saw 8 of its levels.
You visited the Abyss 1 time.

You collected 201 gold pieces.

Inventory:

Hand Weapons
 b - a +2 vorpal trident
 w - a +0 war axe (weapon)
 G - a +1 dagger of flaming
Missiles
 d - 12 boomerangs
 k - 226 stones
 s - 6 poisoned darts
 u - 7 javelins (quivered)
 y - 66 sling bullets
Armour
 e - a +1 cloak (worn)
 v - a +0 pair of gloves (worn)
 z - a +0 ring mail
 D - a +0 scale mail (worn)
Jewellery
 j - an uncursed ring of resist corrosion
 x - an amulet of reflection (around neck)
 C - a ring of positive energy (right hand)
Wands
 r - a wand of random effects (45)
 B - a wand of flame (25)
Scrolls
 g - 3 scrolls of magic mapping
 o - a scroll of fog
 q - 2 scrolls of teleportation
 t - 2 scrolls of remove curse
 A - 2 scrolls of amnesia
Potions
 f - a potion of heal wounds
 h - a potion of lignification
 i - a potion of magic
 m - a potion of ambrosia
 n - a potion of invisibility {unknown}
 p - a potion of brilliance
 F - a potion of cancellation {unknown}
Comestibles
 c - 5 rations


   Skills:
 * Level 4.6 Fighting
 + Level 4.3 Axes
 * Level 0.4(2.7) Polearms
 * Level 2.3 Throwing
 * Level 3.7 Armour
 * Level 3.0 Dodging
 * Level 2.7 Stealth
 * Level 0.3 Spellcasting
 * Level 4.6 Invocations
 * Level 2.4 Evocations


You had 7 spell levels left.
You didn't know any spells.
Your spell library contained the following spells:

 Spells                   Type           Power        Failure   Level  Hunger
 Magic Dart               Conj           #...         78%         1    ##.....
 Searing Ray              Conj           #.....       89%         2    ###....
 Dazzling Flash           Conj/Hex       #.....       98%         3    ####...
 Fulminant Prism          Conj/Hex       #.........   100%        4    #####..
 Iskenderun's Mystic Bla  Conj/Tloc      #.......     100%        4    #####..


Dungeon Overview and Level Annotations

Branches:
Dungeon (8/15)
 Temple: D:4-7         Lair: D:8-11

Altars:
Dithmenos
The Shining One

Shops:
D:5 =

Annotations:
D:1 exclusion: downstairs
D:3 Sigmund
D:4 exclusion: downstairs
D:5 Blork the orc
D:7 Maggie


Innate Abilities, Weirdness & Mutations

You have sharp fingernails.
You may emit foul miasma when damaged in melee.
You sometimes gain a little power by taking damage.
You are immune to rotting.


Message History

Your unstable footing causes you to fumble your attack.
The electric eel shoots out a bolt of lightning at you!
The bolt of electricity hits you.
* * * LOW HITPOINT WARNING * * *
You slash the electric eel!
The electric eel is severely wounded.
The electric eel shoots out a bolt of lightning at you!
The bolt of electricity misses you.
Your unstable footing causes you to fumble your attack.
The electric eel shoots out a bolt of lightning at you!
The bolt of electricity hits you!
* * * LOW HITPOINT WARNING * * *
Your unstable footing causes you to fumble your attack.
The electric eel shoots out a bolt of lightning at you!
The bolt of electricity misses you.
You miss the electric eel.
The electric eel is severely wounded.
The electric eel shoots out a bolt of lightning at you!
The bolt of electricity hits you!!
You die...

.# .# ####.# ## #....#
#..♣ ....# #
#..♣.≈≈♣..P .##
#....≈≈♣≈..♣P..# ##
#...≈.≈≈≈≈@..P$# .#
#P..♣.♣≈≈;≈.....# .#
##..♣...≈♣≈≈...P.#
.#####..##P...≈≈....P.#
...........P..P..P###.#
######........##### #
...))+.....>......
######.....|.##
###.##.#######


You could see an electric eel.

Vanquished Creatures
  An orc warrior (D:7)
  An ice beast (D:7)
  A centaur (D:6)
  A gnoll sergeant (D:7)
  2 bullfrogs
  A howler monkey (D:5)
  A bullfrog zombie (D:6)
  A crimson imp (D:6)
  5 hounds
  2 jellies
  4 orc priests (D:5)
  An orc wizard (D:5)
  Ijyb (D:3)
  A worker ant (D:5)
  2 hound skeletons
  A hound zombie (D:6)
  A worker ant zombie (D:6)
  3 adders
  4 gnolls (D:7)
  2 shadow imps
  An ooze (D:3)
  An adder skeleton (D:5)
  An adder zombie (D:6)
  4 dart slugs
  5 leopard geckos
  10 orcs
  2 giant cockroaches
  2 goblins
  4 hobgoblins
  2 jackals (D:1)
  2 quokkas
  4 ball pythons
  2 bats (D:1)
  2 frilled lizards
  A jackal skeleton (D:4)
  11 kobolds
  A leopard gecko skeleton (D:4)
  A rat (D:2)
92 creatures vanquished.

Notes
Turn   | Place    | Note
-------+----------+-------------------------------------------
     0 | Abyss:1  | Acheron the Demonspawn Abyssal Knight began the quest for
                  | the Orb.
     0 | Abyss:1  | Reached XP level 1. HP: 18/18 MP: 2/2
    15 | Abyss:2  | Found a corrupted altar of Lugonu.
    43 | D:1      | Escaped the Abyss
    61 | D:1      | Reached skill level 1 in Dodging
   295 | D:1      | Gained mutation: You are immune to rotting. [demonic
                  | ancestry]
   295 | D:1      | Reached XP level 2. HP: 22/24 MP: 3/3
   714 | D:1      | Reached ** piety under Lugonu
   964 | D:1      | Reached XP level 3. HP: 27/29 MP: 5/5
  1194 | D:2      | Noticed an ogre
  1597 | D:3      | Found a glowing golden altar of the Shining One.
  2037 | D:4      | Gained mutation: You may emit foul miasma when damaged in
                  | melee. [demonic ancestry]
  2037 | D:4      | Reached XP level 4. HP: 26/35 MP: 6/6
  2162 | D:4      | Reached skill level 1 in Stealth
  2189 | D:5      | Entered Level 5 of the Dungeon
  2189 | D:5      | Noticed Blork the orc
  2374 | D:3      | Noticed Ijyb
  2401 | D:3      | Killed Ijyb
  2539 | D:3      | Noticed Sigmund
  2752 | D:4      | Reached XP level 5. HP: 23/42 MP: 7/7
  2896 | D:4      | Found a shadowy altar of Dithmenos.
  2978 | D:5      | Reached skill level 1 in Throwing
  3040 | D:5      | Found Acsidegh's Jewellery Shoppe.
  3082 | D:5      | Reached skill level 1 in Evocations
  3200 | D:5      | Reached XP level 6. HP: 34/48 MP: 8/8
  4160 | D:6      | Gained mutation: You have sharp fingernails. [demonic
                  | ancestry]
  4160 | D:6      | Reached XP level 7. HP: 46/54 MP: 8/10
  4165 | D:6      | Reached *** piety under Lugonu
  4996 | D:7      | Gained mutation: You sometimes gain a little power by
                  | taking damage. [demonic ancestry]
  4996 | D:7      | Reached XP level 8. HP: 61/61 MP: 11/11
  5181 | D:7      | HP: 3/61 [orc warrior/+0 halberd (10)]
  5393 | D:7      | Noticed Maggie
  5416 | D:7      | HP: 2/61 [electric eel/bolt of electricity (7)]
  5418 | D:7      | Killed from afar by an electric eel

Illustrated notes

Levels and vault maps discovered:
D:1:      scummos_arrival_simple_fountains, layout_basic, minmay_nonomino_d4
D:2:      layout_rooms, nrook_mini_vaults, minmay_snake_closets, uniq_robin
D:3:      layout_basic, tso_metal_star, uniq_ijyb, uniq_sigmund
D:4:      layout_cave_pools, lemuel_doored_altar, first_ration, minmay_distorted
D:5:      layout_rooms, serial_shops, kennysheep_mini_moat, uniq_blork_the_orc
D:6:      layout_rooms, hangedman_abyss_or_decor_passed
D:7:      layout_basic, minmay_temple_entry_hall, serial_bayou,
          serial_bayou_pond_a, serial_bayou_pond_d, serial_bayou_lake_a,
          serial_bayou_shore_b, serial_bayou_ford_a, serial_bayou_shore_b,
          uniq_maggie
D:8:      layout_basic, gammafunk_ghost_necromancy, st_stairs_3,
          kennysheep_cluttered_room

Skill      XL: |  1  2  3  4  5  6  7  8 |
---------------+-------------------------+-----
Dodging        | 1 2 3 |  3.0
Axes           | 2 3 4 |  4.3
Invocations    | 3 4 |  4.6
Stealth        | 1 2 |  2.7
Armour         | 2 3 |  3.7
Throwing       | 1 2 |  2.3
Evocations     | 1 2 |  2.4
Fighting       | 4 |  4.6
Polearms       | |  0.4
Spellcasting   | |  0.3

Action                   |  1- 3 |  4- 6 |  7- 9 || total
-------------------------+-------+-------+-------++-------
Melee: Hand axe          |   113 |       |       ||   113
       War axe           |    19 |   140 |   131 ||   290
Throw: Javelin           |       |       |     9 ||     9
       Boomerang         |       |       |     2 ||     2
Invok: Bend Space        |       |     1 |     1 ||     2
Evoke: Wand              |       |     4 |       ||     4
  Use: Scroll            |     1 |    10 |     3 ||    14
       Potion            |       |     3 |     1 ||     4
 Stab: Sleeping          |     2 |       |       ||     2
  Eat: Chunk             |     4 |     2 |     2 ||     8
       Ration            |       |     2 |       ||     2
Armor: Leather armour    |    44 |     6 |       ||    50
       Scale mail        |       |    63 |    75 ||   138
Dodge: Dodged            |   101 |    70 |    88 ||   259
Block: Other             |       |    10 |    51 ||    61
       Reflection        |       |       |     2 ||     2
